UAA
MERCER ISLAND SCREAMING EAGLES @ RICHLAND RAILS
08/25/2019
 
TOP OF THE 1ST
Mercer Island Screaming Eagles batting - Pitching for Richland Rails : LHP Júlio Hernández
Pitching: LHP Júlio Hernández
Batting: RHB Luis Antonio Hernández 0-0: Fly out, F7 (Flyball, 7LM)
Batting: RHB Ron Doyle 0-0: Fly out, F9 (Flyball, 89M)
Batting: RHB Vincente Flores 0-0: Fly out, F4 (Line Drive, 4)
Top of the 1st over - 0 run(s), 0 hit(s), 0 error(s), 0 left on base; Mercer Island 0 - Richland 0
BOTTOM OF THE 1ST
Richland Rails batting - Pitching for Mercer Island Screaming Eagles : RHP Don Miller
Pitching: RHP Don Miller
Batting: RHB Ramón Cruz 0-0: SINGLE (Line Drive, 89S)
Batting: RHB Andrew Hall 0-0: Ball
1-0: Ball
2-0: Ball
3-0: Called Strike
3-1: Fly out, F9 (Flyball, 9S)
Batting: RHB Miguel Vidro 0-0: Ball
1-0: Ball
2-0: Grounds into double play, 6-4-3 (Groundball, 6)
Bottom of the 1st over - 0 run(s), 1 hit(s), 0 error(s), 0 left on base; Mercer Island 0 - Richland 0
TOP OF THE 2ND
Mercer Island Screaming Eagles batting - Pitching for Richland Rails : LHP Júlio Hernández
Batting: SHB Stephen Yates 0-0: Called Strike
0-1: Fly out, F2 (Popup, 2LF)
Batting: RHB Ted Cook 0-0: Called Strike
0-1: Ball
1-1: Ball
2-1: Ball
3-1: DOUBLE (Line Drive, 7LS)
Batting: RHB Luis Jiménez 0-0: Swinging Strike
0-1: Ball
1-1: Ball
2-1: Ball
3-1: Ground out 6-3 (Groundball, 6M)
Ted Cook to third
Batting: RHB Jesús Martínez 0-0: Ball
1-0: Ball
2-0: Ball
3-0: Called Strike
3-1: Called Strike
3-2: Strikes out looking
Top of the 2nd over - 0 run(s), 1 hit(s), 0 error(s), 1 left on base; Mercer Island 0 - Richland 0
BOTTOM OF THE 2ND
Richland Rails batting - Pitching for Mercer Island Screaming Eagles : RHP Don Miller
Batting: RHB Gustavo Berrios 0-0: Ball
1-0: Called Strike
1-1: Ball
2-1: Fly out, F8 (Flyball, 78XD)
Batting: RHB Jack Davis 0-0: Foul Ball, location: 2F
0-1: Called Strike
0-2: Ground out 6-3 (Groundball, 6)
Batting: RHB Alexis Smeddon 0-0: Called Strike
0-1: Ball
1-1: Ball
2-1: Called Strike
2-2: Strikes out swinging
Bottom of the 2nd over - 0 run(s), 0 hit(s), 0 error(s), 0 left on base; Mercer Island 0 - Richland 0
TOP OF THE 3RD
Mercer Island Screaming Eagles batting - Pitching for Richland Rails : LHP Júlio Hernández
Batting: RHB Alan Rosales 0-0: Swinging Strike
0-1: Foul Ball, location: 2F
0-2: Ball
1-2: Foul Ball, location: 2F
1-2: Ball
2-2: Strikes out swinging
Batting: SHB Ray Davis 0-0: Foul Ball, location: 2F
0-1: Ball
1-1: Foul Ball, location: 2F
1-2: Ground out 1-3 (Groundball, 13)
Batting: RHB Luis Antonio Hernández 0-0: Called Strike
0-1: Swinging Strike
0-2: Strikes out looking
Top of the 3rd over - 0 run(s), 0 hit(s), 0 error(s), 0 left on base; Mercer Island 0 - Richland 0
BOTTOM OF THE 3RD
Richland Rails batting - Pitching for Mercer Island Screaming Eagles : RHP Don Miller
Batting: RHB Bernardo Cruz 0-0: Ball
1-0: Swinging Strike
1-1: SINGLE (Groundball, 34)
Batting: RHB Tiaki Kunani 0-0: Ball
1-0: Foul Ball, location: 2F
1-1: Ball
2-1: Ball
3-1: Swinging Strike
3-2: Foul Ball, location: 2F
3-2: Base on Balls
Bernardo Cruz to second
Batting: RHB Sake van Arem 0-0: Called Strike
0-1: Fielders Choice at 2nd, 4-6 (Groundball, 4)
Bernardo Cruz to third
Batting: RHB Ramón Cruz 0-0: Called Strike
0-1: Called Strike
0-2: Ball
1-2: Ball
Sake van Arem steals 2nd base
2-2: Foul Ball, location: 2F
2-2: SINGLE (Line Drive, 34)
Bernardo Cruz scores
Sake van Arem to third
Runner from 3rd tries for Home, SAFE, no throw or cutoff
Batting: RHB Andrew Hall 0-0: Called Strike
Throwing error on steal attempt, E2
Ramón Cruz to third
0-1: Ball
1-1: Fly out, F7 (Flyball, 78XD)
Runner from 3rd tags up, SCORES, no throw
Batting: RHB Miguel Vidro 0-0: Ball
1-0: Called Strike
1-1: Ball
2-1: Ball
3-1: SINGLE (Line Drive, 8RS)
Batting: RHB Gustavo Berrios 0-0: Called Strike
Miguel Vidro steals 2nd base
0-1: Ball
1-1: Foul Ball, location: 2F
1-2: Ball
2-2: Ball
3-2: Base on Balls
Batting: RHB Jack Davis 0-0: Called Strike
0-1: Foul Ball, location: 2F
0-2: Ball
1-2: Strikes out swinging
Bottom of the 3rd over - 3 run(s), 3 hit(s), 1 error(s), 2 left on base; Mercer Island 0 - Richland 3
TOP OF THE 4TH
Mercer Island Screaming Eagles batting - Pitching for Richland Rails : LHP Júlio Hernández
Batting: RHB Ron Doyle 0-0: Swinging Strike
0-1: Ball
1-1: Ball
2-1: SINGLE (Flyball, 78M)
Batting: RHB Vincente Flores 0-0: Ball
1-0: Swinging Strike
1-1: Ball
2-1: Fly out, F4 (Popup, 34)
Batting: SHB Stephen Yates 0-0: Called Strike
0-1: Swinging Strike
0-2: Foul Ball, location: 2F
0-2: Ball
1-2: Fly out, F8 (Flyball, 8LS)
Batting: RHB Ted Cook 0-0: Ball
1-0: Called Strike
1-1: Ground out 4-3 (Groundball, 4)
Top of the 4th over - 0 run(s), 1 hit(s), 0 error(s), 1 left on base; Mercer Island 0 - Richland 3
BOTTOM OF THE 4TH
Richland Rails batting - Pitching for Mercer Island Screaming Eagles : RHP Don Miller
Batting: RHB Alexis Smeddon 0-0: Ball
1-0: Called Strike
1-1: Ball
2-1: Ball
3-1: Base on Balls
Batting: RHB Bernardo Cruz 0-0: Ball
1-0: Ball
2-0: Ball
3-0: Base on Balls
Alexis Smeddon to second
Batting: RHB Tiaki Kunani 0-0: Ball
1-0: Swinging Strike
1-1: Ball
2-1: Ball
3-1: Fly out, F8 (Flyball, 8RM)
Batting: RHB Sake van Arem 0-0: Called Strike
Throwing error on steal attempt, E2
Alexis Smeddon scores
Bernardo Cruz to third
0-1: Foul Ball, location: 2F
0-2: Ball
1-2: Ball
2-2: Ball
3-2: Foul Ball, location: 2F
3-2: Foul Ball, location: 2F
3-2: SINGLE (Line Drive, 4MD)
Bernardo Cruz scores
Batting: RHB Ramón Cruz 0-0: Ball
Sake van Arem is caught stealing 2nd base
1-0: Foul Ball, location: 2F
1-1: Ball
2-1: Foul Ball, location: 2F
2-2: Strikes out swinging
Bottom of the 4th over - 2 run(s), 1 hit(s), 1 error(s), 0 left on base; Mercer Island 0 - Richland 5
TOP OF THE 5TH
Mercer Island Screaming Eagles batting - Pitching for Richland Rails : LHP Júlio Hernández
Batting: RHB Luis Jiménez 0-0: Called Strike
0-1: Ball
1-1: Swinging Strike
1-2: Ball
2-2: Ball
3-2: Strikes out swinging
Batting: RHB Jesús Martínez 0-0: Swinging Strike
0-1: Called Strike
0-2: Ball
1-2: Ball
2-2: Foul Ball, location: 2F
2-2: Strikes out swinging
Batting: RHB Alan Rosales 0-0: Foul Ball, location: 2F
0-1: Ground out 6-3 (Groundball, 56)
Top of the 5th over - 0 run(s), 0 hit(s), 0 error(s), 0 left on base; Mercer Island 0 - Richland 5
BOTTOM OF THE 5TH
Richland Rails batting - Pitching for Mercer Island Screaming Eagles : RHP Don Miller
Batting: RHB Andrew Hall 0-0: Fly out, F9 (Flyball, 89M)
Batting: RHB Miguel Vidro 0-0: Fly out, F8 (Flyball, 8RXD)
Batting: RHB Gustavo Berrios 0-0: Foul Ball, location: 2F
0-1: Ground out 4-3 (Groundball, 34)
Bottom of the 5th over - 0 run(s), 0 hit(s), 0 error(s), 0 left on base; Mercer Island 0 - Richland 5
TOP OF THE 6TH
Mercer Island Screaming Eagles batting - Pitching for Richland Rails : LHP Júlio Hernández
Batting: SHB Ray Davis 0-0: Called Strike
0-1: Ball
1-1: Foul Ball, location: 2F
1-2: Strikes out swinging
Batting: RHB Luis Antonio Hernández 0-0: Ground out 6-3 (Groundball, 56)
Batting: RHB Ron Doyle 0-0: Fly out, F8 (Flyball, 8LM)
Top of the 6th over - 0 run(s), 0 hit(s), 0 error(s), 0 left on base; Mercer Island 0 - Richland 5
BOTTOM OF THE 6TH
Richland Rails batting - Pitching for Mercer Island Screaming Eagles : RHP Don Miller
Batting: RHB Jack Davis 0-0: Ball
1-0: Ball
2-0: Called Strike
2-1: Ball
3-1: Base on Balls
Batting: RHB Alexis Smeddon 0-0: Ball
1-0: Ball
2-0: SINGLE (Line Drive, 4D)
Jack Davis to second
Batting: RHB Bernardo Cruz 0-0: Called Strike
0-1: Ball
1-1: Fly out, F6 (Line Drive, 6D)
Batting: RHB Tiaki Kunani 0-0: Swinging Strike
0-1: Ball
1-1: Reached on error, E5 (Groundball, 56S)
Jack Davis scores
Alexis Smeddon to third
Pitching: RHP Daniel Martínez
Batting: RHB Sake van Arem 0-0: Called Strike
0-1: Ball
1-1: SINGLE (Groundball, 56D)
Alexis Smeddon scores
Tiaki Kunani to third
Runner from 3rd tries for Home, throw and OUT!
Sake van Arem to second
Batting: RHB Ramón Cruz 0-0: Ball
1-0: Foul Ball, location: 2F
1-1: Foul Ball, location: 2F
1-2: Strikes out looking
Bottom of the 6th over - 2 run(s), 2 hit(s), 1 error(s), 1 left on base; Mercer Island 0 - Richland 7
TOP OF THE 7TH
Mercer Island Screaming Eagles batting - Pitching for Richland Rails : LHP Júlio Hernández
Batting: RHB Vincente Flores 0-0: Called Strike
0-1: Ball
1-1: Ball
2-1: Foul Ball, location: 2F
2-2: Ball
3-2: Strikes out looking
Batting: SHB Stephen Yates 0-0: Ball
1-0: Ball
2-0: Called Strike
2-1: Ground out 1-3 (Groundball, 13)
Batting: RHB Ted Cook 0-0: Ground out 4-3 (Groundball, 4)
Top of the 7th over - 0 run(s), 0 hit(s), 0 error(s), 0 left on base; Mercer Island 0 - Richland 7
BOTTOM OF THE 7TH
Richland Rails batting - Pitching for Mercer Island Screaming Eagles : RHP Daniel Martínez
Batting: RHB Andrew Hall 0-0: Swinging Strike
0-1: Ball
1-1: Ball
2-1: Foul Ball, location: 2F
2-2: Foul Ball, location: 2F
2-2: Foul Ball, location: 2F
2-2: Foul Ball, location: 2F
2-2: DOUBLE (Groundball, 5L)
Batting: RHB Miguel Vidro 0-0: Foul Ball, location: 2F
0-1: SINGLE (Line Drive, 56)
Andrew Hall to third
Runner from 3rd tries for Home, throw and OUT!
Miguel Vidro to second
Batting: RHB Gustavo Berrios 0-0: Called Strike
0-1: Ground out 5-3 (Groundball, 56)
Batting: RHB Jack Davis 0-0: Ball
1-0: Called Strike
1-1: Fly out, F6 (Popup, 6)
Bottom of the 7th over - 0 run(s), 2 hit(s), 0 error(s), 1 left on base; Mercer Island 0 - Richland 7
TOP OF THE 8TH
Mercer Island Screaming Eagles batting - Pitching for Richland Rails : LHP Júlio Hernández
Batting: RHB Luis Jiménez 0-0: Ball
1-0: Ball
2-0: Called Strike
2-1: Ball
3-1: Reached on error, E5 (Groundball, 5S)
Batting: RHB Jesús Martínez 0-0: Ball
1-0: Ball
2-0: Foul Ball, location: 2F
2-1: Called Strike
2-2: SINGLE (Groundball, 5D)
Luis Jiménez to third
Runner from 3rd tries for Home, SAFE, no throw or cutoff
Batting: RHB Alan Rosales 0-0: Called Strike
0-1: Called Strike
0-2: Strikes out swinging
Batting: SHB Ray Davis 0-0: Ball
1-0: Called Strike
1-1: Foul Ball, location: 2F
1-2: Ball
2-2: Ball
3-2: Foul Ball, location: 2F
3-2: Foul Ball, location: 2F
3-2: Foul Ball, location: 2F
3-2: Foul Ball, location: 2F
3-2: Foul Ball, location: 2F
3-2: Base on Balls
Jesús Martínez to second
Pitching: RHP Tim Gordon
Batting: RHB Luis Antonio Hernández 0-0: Foul Ball, location: 2F
0-1: Foul Ball, location: 2F
0-2: Grounds into double play, 6-4-3 (Groundball, 6)
Top of the 8th over - 1 run(s), 1 hit(s), 1 error(s), 1 left on base; Mercer Island 1 - Richland 7
BOTTOM OF THE 8TH
Richland Rails batting - Pitching for Mercer Island Screaming Eagles : RHP Daniel Martínez
Batting: RHB Alexis Smeddon 0-0: Ball
1-0: Ball
2-0: Ground out 6-3 (Groundball, 6)
Pitching: RHP Adrian David
Batting: RHB Bernardo Cruz 0-0: Ball
1-0: Ball
2-0: Ball
3-0: Called Strike
3-1: Fly out, F7 (Flyball, 78M)
Batting: RHB Tiaki Kunani 0-0: Ball
1-0: Swinging Strike
1-1: Called Strike
1-2: Strikes out looking
Bottom of the 8th over - 0 run(s), 0 hit(s), 0 error(s), 0 left on base; Mercer Island 1 - Richland 7
TOP OF THE 9TH
Mercer Island Screaming Eagles batting - Pitching for Richland Rails : RHP Tim Gordon
Batting: RHB Ron Doyle 0-0: Swinging Strike
0-1: Called Strike
0-2: Strikes out swinging
Batting: RHB Vincente Flores 0-0: Ball
1-0: Ball
2-0: Ball
3-0: Base on Balls
Batting: SHB Stephen Yates 0-0: DOUBLE (Line Drive, 3L)
Vincente Flores to third
Batting: RHB Ted Cook 0-0: Called Strike
0-1: Foul Ball, location: 2F
0-2: Foul Ball, location: 2F
0-2: Ball
1-2: Fly out, F8 (Flyball, 8LM)
Throwing error, E8
Vincente Flores scores
Stephen Yates to third
Batting: RHB Luis Jiménez 0-0: Ball
1-0: Ball
2-0: Ball
3-0: Called Strike
3-1: Called Strike
3-2: Foul Ball, location: 2F
3-2: Foul Ball, location: 2F
3-2: Foul Ball, location: 2F
3-2: Base on Balls
Batting: RHB Jesús Martínez 0-0: Ball
1-0: Swinging Strike
1-1: Called Strike
1-2: Foul Ball, location: 2F
1-2: Strikes out looking
Top of the 9th over - 1 run(s), 1 hit(s), 1 error(s), 2 left on base; Mercer Island 2 - Richland 7
This league is powered by Out of the Park Baseball, the baseball management simulation game for PC, Mac and Linux
Saturday, July 25th, 2015 - OOTP Baseball 15.6 Build 34